 Dungeon Crawl Stone Soup version 0.21-a0-437-ge5bf024 (webtiles) character file.

682774 zero the Axe Maniac (level 27, -15/192 HPs)
             Began as a Gargoyle Berserker on Nov 8, 2017.
             Was a High Priest of Trog.
             Demolished by a juggernaut (52 damage)
             ... on level 15 of a ziggurat on Nov 9, 2017.
             The game lasted 03:03:39 (65909 turns).

zero the Axe Maniac (Gargoyle Berserker)           Turns: 65909, Time: 03:03:39

Health: -15/192    AC: 76    Str: 36      XL:     27
Magic:  21/21      EV: 11    Int:  5 (8)  God:    Trog [*****.]
Gold:   7903       SH: 33    Dex:  9      Spells: 26/26 levels left

rFire    + + +     SeeInvis .   S - +7 broad axe (vamp)
rCold    + . .     Gourm    .   C - +3 large shield
rNeg     + + .     Faith    .   Y - +7 gold dragon scales
rPois    ∞         Spirit   .   B - +0 helmet of the Armoured One {-Cast rElec rPois rF+++}
rElec    +         Reflect  +   L - +2 cloak {rPois}
rCorr    .         Harm     .   w - +2 pair of gloves of Defence {rN+ MR++ Slay+2}
MR       +++++     NoCast   +   P - +1 pair of boots {run}
Stlth    ..........             l - amulet "Lepnonaa" {Reflect rF- MR+ Str+4 SH+4}
HPRegen  1.42/turn              A - ring of protection from fire
MPRegen  0.17/turn              U - +4 ring of protection

@: flying, regenerating, hasted, studying 2 skills, very quick
A: big wings, fangs 1, hooves 1, icy blue scales 1, iridescent scales 2, dopey
1, low mp 2, negative energy resistance 1, screaming 1, electricity resistance,
unbreathing, petrification resistance, rot immunity, AC +20
}: 4/15 runes: decaying, serpentine, slimy, silver
a: Stop Flying, Berserk, Trog's Hand, Brothers in Arms, Burn Spellbooks,
Renounce Religion


You were on level 15 of a ziggurat.
You worshipped Trog.
Trog was extremely pleased with you.
You were not hungry.

You visited 11 branches of the dungeon, and saw 53 of its levels.
You visited 1 bazaar.
You visited 1 ziggurat, and saw 15 of its levels.
You also visited: Bailey, Ice Cave, Volcano and Desolation.

You collected 10703 gold pieces.
You spent 2800 gold pieces at shops.

Inventory:

Hand Weapons
 S - a +7 vampiric broad axe (weapon)
Armour
 k - the +5 plate armour of Classification {rCorr Str+3}
   (You bought it in a shop on level 2 of the Orcish Mines)

   It affects your strength (+3).
   It protects you from acid and corrosion.
 w - the +2 pair of gloves of Defence (worn) {rN+ MR++ Slay+2}
   (You found it on level 6 of the Lair of Beasts)

   It affects your accuracy and damage with ranged weapons and melee attacks
   (+2).
   It protects you from negative energy.
   It affects your resistance to hostile enchantments.
 B - the +0 helmet of the Armoured One (worn) {-Cast rElec rPois rF+++}
   (You bought it in a shop on level 2 of the Orcish Mines)

   It renders you almost immune to fire.
   It insulates you from electricity.
   It protects you from poison.
   It prevents spellcasting.
 C - a +3 large shield (worn)
 L - a +2 cloak of poison resistance (worn)
 P - a +1 pair of boots of running (worn)
 Y - +7 gold dragon scales (worn)
Jewellery
 l - the amulet "Lepnonaa" (around neck) {Reflect rF- MR+ Str+4 SH+4}
   (You acquired it on level 10 of the Dungeon)

   [amulet of reflection]

   It shields you and reflects attacks.
   It affects your strength (+4).
   It makes you vulnerable to fire.
   It affects your resistance to hostile enchantments.
   It affects your SH (+4).
 q - an uncursed ring of protection from cold
 A - a ring of protection from fire (left hand)
 I - the ring "Saosk" {Fire rElec rPois rN+++ Str-3}
   (You took it off a deep elf high priest on level 3 of the Elven Halls)

   [ring of fire]

   It enhances your fire magic.
   It affects your strength (-3).
   It protects you from fire.
   It makes you vulnerable to cold.
   It insulates you from electricity.
   It protects you from poison.
   It renders you almost immune to negative energy.
 U - a +4 ring of protection (right hand)
Wands
 c - a wand of clouds (4/9)
 d - a wand of scattershot (5/9)
 i - a wand of digging (1/24)
 j - a wand of lightning (10/15)
 m - a wand of flame (34/48)
 O - a wand of acid (8/15)
 T - a wand of iceblast (7/15)
 W - a wand of disintegration (1/24)
Scrolls
 a - 6 scrolls of magic mapping
 b - 13 scrolls of blinking
 n - 11 scrolls of recharging
 s - 30 scrolls of teleportation
 u - 17 scrolls of fog
 v - 14 scrolls of fear
 x - 30 scrolls of remove curse
 H - 2 scrolls of identify
 J - 9 scrolls of holy word
 X - a scroll of brand weapon
 Z - 2 scrolls of silence
Potions
 f - 7 potions of might
 h - 15 potions of agility
 o - 13 potions of brilliance
 p - 6 potions of haste
 z - 17 potions of heal wounds
 E - 5 potions of cancellation
 F - 6 potions of invisibility
 K - 23 potions of curing
 M - 4 potions of resistance
Books
 G - a manual of Evocations
 V - a manual of Dodging
Miscellaneous
 e - a lamp of fire
 r - a lightning rod (4/4)
 y - 3 boxes of beasts
 Q - a phial of floods
 R - 4 sacks of spiders
Comestibles
 g - 24 meat rations
 t - 3 bread rations


   Skills:
 * Level 24.8 Fighting
 O Level 27 Axes
 + Level 24.0 Armour
 - Level 7.9 Dodging
 + Level 22.7 Shields
 - Level 5.1 Evocations


You had 26 spell levels left.
You didn't know any spells.

Dungeon Overview and Level Annotations

Branches:
Dungeon (15/15)            Temple (0/1) D:4            Lair (6/6) D:11
  Swamp (4/4) Lair:4        Snake (4/4) Lair:2        Slime (5/5) Lair:5
    Orc (2/2) D:9             Elf (3/3) Orc:2        Vaults (5/5) D:14
  Crypt (3/3) Vaults:3       Tomb (1/3) Crypt:3      Depths (5/5) D:15
    Zot (0/5) Depths:5

Altars:
Ashenzari
Cheibriados
Dithmenos
Fedhas
Gozag
Kikubaaqudgha
Makhleb
Qazlal
Trog
Vehumet
Xom
Yredelemnul
Beogh

Shops:
D:14 }   Orc:2 (*[=:   Elf:2 *   Elf:3 [   Snake:1 *}   Snake:4 ?[   Vaults:2 (
Vaults:4 :*!

Portals:
Hell: Depths:1 Depths:2 Depths:3 Depths:4 Depths:5
Abyss: Depths:4
Pandemonium: Depths:3

Annotations:
Depths:2 1 exclusion


Innate Abilities, Weirdness & Mutations

You are resistant to torment.
Your stone body is resilient. (AC +20)
You are immune to poison.
Your large and strong wings let you fly indefinitely.
You resist negative energy. (rN+)
You are resistant to electric shocks. (rElec)
You can survive without breathing.
You are immune to petrification.
You are immune to rotting.
You have very sharp teeth.
You have large cloven feet.
You are partially covered in icy blue scales. (AC +2)
You are mostly covered in iridescent scales. (AC +4)
You are dopey. (Int -2)
Your magical capacity is very low. (-20% MP)
You occasionally shout uncontrollably at your foes.


Message History

The iron troll claws you but does no damage.
You block the iron troll's attack. The iron troll bites you!!
* * * LOW HITPOINT WARNING * * *
You block the iron troll's attack. x2
You block the sixfirhy's attack. x3
The orc high priest no longer looks unusually strong.
The ogre looks scared stiff.
The iron troll rages.
The iron troll is no longer berserk.
You block the juggernaut's attack. x3
The juggernaut hits you!
* * * LOW HITPOINT WARNING * * *
The orc high priest seems to regain its courage.
The orc high priest utters an invocation to Beogh.
The iron troll is no longer berserk.
The sixfirhy hits you but does no damage.
You block the sixfirhy's attack.
The orc high priest mumbles some strange prayers to Beogh.
You feel the effects of Trog's Hand fading.
You feel yourself speed up. You block the juggernaut's attack. x2
The juggernaut hits you!!!
You die...

▓▓.......††))......
▓..∩......).)#'#..
▓▓.........)(......
▓.......4...(.....
▓...o..4T.........
▓....T4oO.........
▓▓.3..3...........
▓▓.C..4..........
▓@C.............
▓▓▓........o...
▓▓..........
▓▓▓....... ▓▓▓▓▓.


You could see 2 juggernauts, 2 iron trolls, 2 orc high priests, a sun demon, an
orange demon, an ice devil, a rust devil, a sixfirhy, a chaos spawn and an ogre.

Vanquished Creatures
  Dissolution (Slime:2)
  the Royal Jelly (Slime:5)
  2 ancient liches
  Khufu (Tomb:1)
  Mara (Elf:3)
  A pandemonium lord (Zig:5)
  Mennas (Depths:3)
  2 juggernauts (Zig:15)
  2 greater mummies (Tomb:1)
  Margery (Depths:4)
  Frederick (Depths:2)
  Saint Roka (Snake:2)
  Vashnia (Snake:3)
  6 golden dragons
  the Enchantress (Depths:2)
  3 profane servitors (Zig:14)
  2 bone dragons
  Nikola (Swamp:3)
  3 Tzitzimimeh (Zig:14)
  Jorgrun (Swamp:3)
  4 tentacled monstrosities
  3 deep elf blademasters
  4 deep elf master archers
  Asterion (Snake:4)
  8 liches
  4 quicksilver dragons
  4 titans
  11 sphinxes
  The ghost of PhazeDK the Executioner, an adept MiBe of Trog (Swamp:3)
  An Executioner (Zig:4)
  25 acid blobs
  4 ancient champions
  10 shadow dragons
  Donald (Elf:1)
  5 tengu reavers
  Kirke (D:14)
  A thorn hunter (Swamp:4)
  A draconian monk (Depths:5)
  6 revenants
  Roxanne (Elf:3)
  A storm dragon (Depths:3)
  14 azure jellies
  2 fire giants (Vaults:5)
  10 frost giants
  12 nagarajas
  5 deep elf sorcerers
  A corrupter (Zig:4)
  2 balrugs
  Aizul (Snake:3)
  An imperial myrmidon (Desolation)
  3 draconian knights
  16 vault wardens
  13 ironheart preservers
  Louise (D:15)
  A draconian shifter (Zig:7)
  4 deep elf elementalists
  2 juggernaut zombies
  An orc warlord (Orc:2)
  4 curse skulls
  A draconian scorcher (Zig:6)
  2 warmongers (Zig:5)
  3 spriggan defenders (Depths:2)
  29 very ugly things
  2 draconian annihilators
  2 reapers (Zig:11)
  10 war gargoyles
  19 stone giants
  4 ghouls
  A green draconian (Depths:5)
  13 deep elf demonologists
  5 vampire knights
  An entropy weaver (Vaults:1)
  16 deep elf annihilators
  4 black suns
  5 yellow draconians
  A white draconian (Depths:5)
  5 dire elephants (Depths:4)
  2 black draconians
  4 red draconians
  4 spark wasps (Depths:5)
  3 statues (Depths:2)
  2 halazid warlocks (Desolation)
  A blizzard demon (Depths:3)
  3 crystal guardians (Desolation)
  8 fire dragons
  4 eidola
  6 deep elf death magi (Elf:3)
  12 ettins
  Josephine (D:13)
  3 ragged hierophants (Desolation)
  6 mummy priests
  A merfolk impaler (Zig:9)
  6 death oozes
  2 jiangshi (Crypt:1)
  2 rakshasas
  A great orb of eyes (shapeshifter) (Depths:3)
  12 deep elf high priests
  12 great orbs of eyes
  14 yaktaur captains
  6 ice dragons
  13 ogre magi
  20 hydras
  4 peacekeepers (Desolation)
  7 servants of whispers (Desolation)
  9 naga warriors
  A spectral shadow dragon (Zig:14)
  2 centaur warriors
  3 ghost crabs
  35 vault guards
  3 catoblepae
  A spectral sphinx (Zig:14)
  25 anacondas
  3 merfolk aquamancers (Zig:9)
  9 spriggan air magi
  13 death scarabs (Tomb:1)
  12 alligators
  45 two-headed ogres
  4 death knights
  34 dancing weapons
  16 tengu warriors
  8 deep troll shamans
  4 death yaks
  6 deep troll earth magi
  15 shock serpents
  Urug (Orc:2)
  4 small abominations
  Sonja (Lair:1)
  5 orc high priests
  3 spectral storm dragons (Zig:14)
  10 spriggan berserkers
  14 naga sharpshooters
  A spectral elf (Zig:14)
  A titan zombie (Depths:4)
  7 vampire magi
  35 deep elf knights
  7 soul eaters
  A titan skeleton (Crypt:3)
  3 salamander mystics
  27 skeletal warriors
  5 sun demons
  3 iron trolls
  10 shadow wraiths
  A golden dragon zombie (Zig:11)
  A fire crab (shapeshifter) (Depths:5)
  A deep troll (shapeshifter) (Vaults:4)
  21 hell knights
  2 quicksilver dragon simulacra (Depths:3)
  2 large abominations
  7 glowing orange brains
  3 sea snakes (Zig:9)
  17 swamp dragons
  2 spriggan druids
  A spectral iron dragon (Zig:14)
  12 flayed ghosts
  27 deep elf archers
  A lindwurm (shapeshifter) (Depths:5)
  A storm dragon skeleton (Depths:4)
  Pikel (D:7)
  3 naga ritualists
  An orb spider (Zig:1)
  A shadow dragon zombie (Zig:11)
  2 orange crystal statues
  20 deep trolls
  A harpy (Vaults:1)
  27 ironbrand convokers
  2 shambling mangroves
  21 orc knights
  3 wizards
  4 necromancers
  An iron dragon zombie (Depths:2)
  78 deep elf magi
  17 phantasmal warriors
  A wolf spider zombie (Crypt:2)
  7 mana vipers
  A frost giant zombie (Tomb:1)
  6 wolf spiders
  7 orc sorcerers
  2 stone giant zombies (Crypt:2)
  5 oklob plants (Zig:6)
  An orb spider (shapeshifter) (Vaults:2)
  2 shining eyes (Slime:5)
  7 cyclopes
  2 manticores
  A shadow dragon skeleton (Depths:2)
  37 ugly things
  Maurice (D:11)
  A moth of wrath (Zig:15)
  2 centaur zombies (D:15)
  2 stone giant skeletons
  2 fauns (Zig:10)
  A moth of wrath (shapeshifter) (Vaults:5)
  A water nymph (shapeshifter) (Vaults:3)
  2 frost giant skeletons
  An iron dragon skeleton (Tomb:1)
  A spriggan zombie (Depths:4)
  12 elephants
  23 guardian serpents
  15 naga magi
  16 salamanders
  7 smoke demons
  2 eyes of devastation
  11 rust devils
  34 black mambas
  A merfolk siren (Zig:9)
  2 ice statues
  2 spiny frogs (shapeshifter) (Elf:3)
  2 elf zombies (Zig:11)
  2 molten gargoyles (Desolation)
  2 torpor snails
  5 gargoyles
  14 vault sentinels
  22 spiny frogs
  A kobold demonologist (Bailey)
  3 hellions (Zig:11)
  2 rime drakes
  2 centaur skeletons
  5 spectral swamp worms (Depths:4)
  A grey draconian zombie (Crypt:1)
  A sea snake zombie (Crypt:2)
  5 ice devils
  2 efreet (Depths:3)
  An ancient zyme (Zig:4)
  5 komodo dragons
  8 freezing wraiths
  2 redback zombies
  39 yaktaurs
  11 guardian mummies
  5 merfolk (Zig:9)
  A hydra zombie (Crypt:2)
  9 tengu conjurers
  A minotaur zombie (Crypt:2)
  A queen bee (Lair:4)
  9 red devils
  A merfolk (shapeshifter) (Depths:3)
  12 hornets
  A meliai (Lair:4)
  A hydra skeleton (Crypt:3)
  A yellow draconian skeleton (Crypt:2)
  A queen bee (shapeshifter) (Depths:3)
  A polar bear (shapeshifter) (Depths:1)
  11 trolls
  6 tyrant leeches
  51 saltlings (Desolation)
  9 blink frogs
  10 hippogriffs
  2 ettin zombies (Crypt:2)
  A moth of wrath zombie (Crypt:2)
  12 bog bodies
  11 dream sheep (Lair:6)
  A snapping turtle (Zig:9)
  A guardian serpent skeleton (Crypt:1)
  An alligator zombie (Crypt:1)
  91 slime creatures
  A fire dragon skeleton (Zig:2)
  8 water elementals
  An ettin skeleton (Crypt:3)
  15 flying skulls
  8 shadows
  A tarantella (Zig:1)
  A tarantella (shapeshifter) (Depths:1)
  3 redbacks (Lair:6)
  11 spriggans
  A spriggan (shapeshifter) (Vaults:2)
  52 yaks
  3 ushabtiu
  7 air elementals
  11 wyverns
  15 wraiths
  A hog (D:14)
  2 basilisks
  A ynoxinul (Zig:5)
  10 fire elementals
  2 hungry ghosts
  A black mamba skeleton (Crypt:1)
  8 fire bats
  A golden eye (Slime:5)
  12 vampire mosquitoes
  A human simulacrum (Vaults:1)
  A neqoxec (Zig:4)
  Menkaure (D:5)
  51 nagas
  An acid dragon (Vaults:2)
  16 wargs
  2 hell hounds (Depths:3)
  15 insubstantial wisps
  21 swamp worms
  20 water moccasins
  4 porcupines
  Duvessa (D:6)
  10 ice beasts
  6 eyes of draining
  A spiny frog skeleton (Crypt:3)
  15 swamp drakes
  7 sky beasts
  A swamp dragon zombie (Crypt:2)
  51 orc warriors
  2 slaves (D:7)
  3 black bears
  The ghost of EnegeticOcto the Chopper, an amateur HOFi (D:3)
  2 necrophages
  5 ettin simulacra (Depths:3)
  4 phantoms
  A blink frog zombie (Crypt:2)
  44 ogres
  30 wolves
  12 boggarts
  7 centaurs
  3 big kobolds
  6 crocodiles
  Blork the orc (D:6)
  A wyvern zombie (D:11)
  13 bullfrogs
  5 earth elementals
  A glowing shapeshifter simulacrum (Vaults:3)
  2 gnoll sergeants
  Dowan (D:6)
  2 scorpions
  A warg skeleton (Crypt:1)
  19 killer bees
  2 vampire bats (D:7)
  14 wights
  9 howler monkeys
  11 electric eels
  3 crimson imps
  9 lava snakes
  3 bullfrog zombies
  A black bear zombie (Crypt:2)
  A soldier ant zombie (Crypt:2)
  A wyvern simulacrum (D:14)
  6 hounds
  14 orc priests
  A bullfrog skeleton (D:13)
  3 iron imps (Zig:11)
  10 jellies
  8 iguanas
  25 orc wizards
  3 hell rats
  16 worker ants
  A lightning spire (Zig:13)
  2 hound skeletons (D:10)
  22 mummies
  A howler monkey zombie (D:6)
  24 gnolls
  2 howler monkey skeletons
  11 river rats
  8 adders
  4 shadow imps
  3 oozes
  3 adder zombies
  A halfling zombie (Crypt:2)
  An adder skeleton (D:8)
  3 worms
  6 leopard geckos
  110 orcs
  6 giant cockroaches
  20 goblins
  18 hobgoblins
  11 jackals
  26 kobolds
  6 quokkas
  3 ball pythons
  15 bats
  6 frilled lizards
  A hobgoblin skeleton (Crypt:1)
  2 leopard gecko skeletons
  A quokka skeleton (Crypt:1)
  A quokka zombie (D:7)
  3 rats
  2 bushes (Lair:1)
  4 fire vortices (Depths:2)
  8 fungi
  11 plants
2829 creatures vanquished.

Vanquished Creatures (collateral kills)
  2 acid blobs (Slime:5)
  A deep elf elementalist (Elf:3)
  3 orc warlords
  Nessos (Lair:5)
  A merfolk javelineer (Zig:9)
  2 shadow wraiths (Zig:12)
  2 orc sorcerers
  A shining eye (Slime:4)
  2 ice statues (IceCv)
  A moth of wrath (Zig:15)
  2 water nymphs (Zig:9)
  A gargoyle (D:11)
  A merfolk (Zig:9)
  2 meliai (Lair:4)
  2 slime creatures (Slime:5)
  A yak (Lair:1)
  A warg (Zig:15)
  3 orc warriors
  4 ogres (Zig:15)
  7 killer bees (Lair:4)
  A mummy (Tomb:1)
  2 orcs (Orc:2)
43 creatures vanquished.

Vanquished Creatures (others)
  4 deep elf master archers
  A draconian stormcaller (Zig:7)
  A stone giant (Vaults:4)
  A fire dragon (Depths:5)
  A merfolk javelineer (Zig:10)
  A yaktaur captain (Vaults:5)
  A centaur warrior (Depths:2)
  A satyr (Zig:10)
  2 death scarabs (Tomb:1)
  An alligator (Swamp:2)
  4 naga sharpshooters
  A skeletal warrior (Tomb:1)
  8 deep elf archers
  A deep elf mage (Elf:3)
  A wizard (D:11)
  A cyclops (Zig:10)
  12 yaktaurs
  A spiny frog (Lair:5)
  A tyrant leech (Zig:8)
  A hornet (Swamp:4)
  A flying skull (Depths:3)
  A human (D:14)
  An ogre (Depths:1)
  3 boggarts (D:14)
  4 centaurs
  An orc wizard (Orc:2)
  3 mummies (Tomb:1)
  3 orcs
  2 kobolds
  A bush (D:12)
  16 fungi
  44 plants
  A withered plant (Crypt:3)
126 creatures vanquished.

Grand Total: 2998 creatures vanquished

Notes
Turn   | Place    | Note
-------+----------+-------------------------------------------
     0 | D:1      | zero the Gargoyle Berserker began the quest for the Orb.
     0 | D:1      | Reached XP level 1. HP: 14/14 MP: 1/1
    34 | D:1      | Reached skill level 3 in Axes
    42 | D:1      | Reached XP level 2. HP: 19/19 MP: 2/2
   285 | D:1      | Reached ** piety under Trog
   288 | D:1      | Reached XP level 3. HP: 23/23 MP: 3/3
   824 | D:2      | Reached skill level 4 in Axes
  1454 | D:2      | Found a shimmering altar of Xom.
  1461 | D:2      | Found a snail-covered altar of Cheibriados.
  1462 | D:2      | Found a bloodstained altar of Trog.
  1462 | D:2      | Found a stormy altar of Qazlal.
  1462 | D:2      | Found a shattered altar of Ashenzari.
  1462 | D:2      | Found a basalt altar of Yredelemnul.
  1463 | D:2      | Found a burning altar of Makhleb.
  1468 | D:2      | Found an ancient bone altar of Kikubaaqudgha.
  1598 | D:3      | Reached XP level 4. HP: 26/28 MP: 4/4
  1804 | D:3      | Noticed EnegeticOcto's ghost (amateur HOFi)
  1816 | D:3      | Killed EnegeticOcto's ghost
  1816 | D:3      | Reached skill level 5 in Axes
  1816 | D:3      | Reached XP level 5. HP: 32/32 MP: 5/5
  2253 | D:4      | Reached XP level 6. HP: 15/37 MP: 6/6
  2255 | D:4      | Reached skill level 6 in Axes
  2876 | D:4      | Found a staircase to the Ecumenical Temple.
  3515 | D:5      | Entered Level 5 of the Dungeon
  3545 | D:5      | Reached XP level 7. HP: 40/41 MP: 7/7
  3669 | D:5      | Noticed Menkaure
  3678 | D:5      | Killed Menkaure
  3678 | D:5      | Reached skill level 7 in Axes
  3996 | D:5      | Reached *** piety under Trog
  4097 | D:5      | Found a radiant altar of Vehumet.
  4154 | D:5      | Reached XP level 8. HP: 48/48 MP: 8/8
  4574 | D:5      | Reached skill level 8 in Axes
  4654 | D:6      | Reached skill level 5 in Fighting
  5012 | D:6      | Reached skill level 5 in Armour
  5017 | D:6      | Reached XP level 9. HP: 32/55 MP: 9/9
  5321 | D:6      | Noticed Dowan
  5323 | D:6      | Noticed Duvessa
  5326 | D:6      | Killed Dowan
  5326 | D:6      | Reached skill level 9 in Axes
  5334 | D:6      | Killed Duvessa
  5382 | D:6      | Noticed Blork the orc
  5386 | D:6      | Killed Blork the orc
  5693 | D:7      | Reached **** piety under Trog
  5725 | D:7      | Noticed Pikel
  5738 | D:7      | Killed Pikel
  5738 | D:7      | Reached skill level 10 in Axes
  6266 | D:7      | Reached XP level 10. HP: 60/63 MP: 10/10
  7103 | D:8      | Received a gift from Trog
  7560 | D:8      | Found a snail-covered altar of Cheibriados.
  8117 | D:9      | Found a staircase to the Orcish Mines.
  8134 | D:9      | Reached skill level 11 in Axes
  8529 | D:9      | Found a radiant altar of Vehumet.
  9241 | D:10     | Entered Level 10 of the Dungeon
  9605 | D:10     | Gained mutation: You are frail. (-10% HP) [mutagenic meat]
  9606 | D:10     | Gained mutation: Your magical capacity is low. (-10% MP) [mutagenic meat]
  9643 | D:10     | Gained mutation: You are partially covered in iridescent scales. (AC +2) [mutagenic meat]
  9644 | D:10     | Gained mutation: Your magical capacity is very low. (-20% MP) [mutagenic meat]
  9646 | D:10     | Gained mutation: You have large cloven feet. [mutagenic meat]
  9647 | D:10     | Gained mutation: You passively map a small area around you. [mutagenic meat]
  9648 | D:10     | Gained mutation: You have very sharp teeth. [mutagenic meat]
 10017 | D:11     | Noticed a death yak
 10017 | D:11     | Noticed a death yak
 10018 | D:11     | Identified 2 scrolls of acquirement
 10036 | D:10     | Got a pitted tin amulet
 10051 | D:10     | Identified the amulet "Lepnonaa" {Reflect rF- MR+ Str+4 SH+4} (You acquired it on level 10 of the Dungeon)
 10061 | D:11     | Noticed a death yak
 10066 | D:11     | Killed a death yak
 10066 | D:11     | Reached XP level 11. HP: 62/62 MP: 8/8
 10071 | D:11     | Killed a death yak
 10072 | D:11     | Found a staircase to the Lair.
 10074 | D:11     | Killed a death yak
 10074 | D:11     | Reached skill level 12 in Axes
 10076 | D:11     | Noticed a two-headed ogre
 10386 | D:11     | Killed a two-headed ogre
 10405 | D:10     | Gained mutation: You are partially covered in slimy green scales. (AC +2) [mutagenic meat]
 10406 | D:10     | Gained mutation: You are weak. (Str -2) [mutagenic meat]
 10407 | D:10     | Lost mutation: You have large cloven feet. [mutagenic meat]
 10410 | D:10     | Gained mutation: You have large cloven feet. [mutagenic meat]
 10502 | D:11     | Noticed a two-headed ogre
 10507 | D:11     | Killed a two-headed ogre
 10512 | D:11     | Reached ***** piety under Trog
 10518 | D:11     | Noticed Maurice
 10567 | D:11     | Killed Maurice
 10722 | D:11     | Got a coiled tin amulet
 10734 | D:11     | Identified the amulet of Leaves {RegenMP rN+} (You found it on level 11 of the Dungeon)
 10880 | D:11     | Noticed a purple ugly thing
 10888 | D:11     | Killed a purple ugly thing
 10892 | D:11     | Found a bloodstained altar of Trog.
 11099 | D:11     | Noticed a wizard
 11101 | D:11     | Killed a wizard
 11151 | Lair:1   | Entered Level 1 of the Lair of Beasts
 11166 | Lair:1   | Reached skill level 10 in Fighting
 11273 | Lair:1   | Noticed Sonja
 11295 | Lair:1   | Noticed a five-headed hydra
 11315 | Lair:1   | Killed an eight-headed hydra
 11623 | Lair:1   | Reached skill level 13 in Axes
 11625 | Lair:1   | Reached XP level 12. HP: 69/69 MP: 9/9
 11627 | Lair:1   | Reached skill level 10 in Armour
 11653 | Lair:1   | Killed Sonja
 11671 | Lair:1   | Noticed an eight-headed hydra
 11913 | Lair:1   | Killed a 12-headed hydra
 12754 | Lair:2   | Found a staircase to the Snake Pit.
 12983 | Lair:2   | Noticed a seven-headed hydra
 12993 | Lair:2   | Killed a 14-headed hydra
 13177 | Lair:2   | Reached skill level 14 in Axes
 13186 | Lair:2   | Noticed a catoblepas
 13198 | Lair:2   | Killed a catoblepas
 14234 | Lair:3   | Reached XP level 13. HP: 52/75 MP: 10/10
 15924 | Lair:4   | Found a dark tunnel.
 15937 | Volcano  | Entered a volcano
 16043 | Volcano  | Reached skill level 15 in Axes
 16506 | Volcano  | Noticed a red draconian
 16527 | Volcano  | Killed a red draconian
 16530 | Volcano  | Found a bloodstained altar of Trog.
 16815 | Lair:4   | Found a staircase to the Swamp.
 17277 | Lair:4   | Received a gift from Trog
 17826 | Lair:5   | Found a frozen archway.
 17828 | Lair:5   | Noticed Nessos
 17843 | Lair:5   | Killed Nessos
 17862 | IceCv    | Entered an ice cave
 17998 | IceCv    | Gained mutation: Your large and strong wings let you fly indefinitely. [Gargoyle growth]
 17998 | IceCv    | Reached XP level 14. HP: 47/82 MP: 11/11
 18343 | IceCv    | Got an ebony arbalest
 18381 | IceCv    | Identified the +0 arbalest of the Iron City of Dis {venom, rC- rN+ MP+9 Dex+3} (You found it in an ice cave)
 18683 | Lair:5   | Found a blossoming altar of Fedhas.
 18759 | Lair:5   | Found a staircase to the Slime Pits.
 19443 | Lair:6   | Entered Level 6 of the Lair of Beasts
 19815 | Lair:6   | Reached skill level 16 in Axes
 19960 | Lair:6   | Got a pair of faintly humming gloves
 19971 | Lair:6   | Identified the +2 pair of gloves of Defence {rN+ MR++ Slay+2} (You found it on level 6 of the Lair of Beasts)
 20060 | Lair:6   | Reached skill level 1 in Evocations
 21555 | Lair:6   | Got a slimy ring mail
 21784 | Orc:1    | Entered Level 1 of the Orcish Mines
 22097 | Orc:1    | Reached XP level 15. HP: 53/89 MP: 14/14
 22321 | Orc:1    | Received a gift from Trog
 22414 | Orc:1    | You are sucked into a shaft!
 22414 | Orc:2    | Entered Level 2 of the Orcish Mines
 22525 | Orc:2    | Found a staircase to the Elven Halls.
 22535 | Orc:2    | Noticed an orc warlord
 22567 | Orc:2    | Killed an orc warlord
 22786 | Orc:2    | Noticed Urug
 22786 | Orc:2    | Found a roughly hewn altar of Beogh.
 22812 | Orc:2    | Killed Urug
 22871 | Orc:2    | Found Voeplela's Jewellery Shop.
 23034 | Orc:2    | Found Sosmul's Book Shop.
 23040 | Orc:2    | Noticed an orc warlord
 23059 | Orc:2    | Killed an orc warlord
 23059 | Orc:2    | Reached skill level 5 in Evocations
 23307 | Orc:2    | Found Feomen's Antique Armour Shop.
 23313 | Orc:2    | Bought a runed shield for 247 gold pieces
 23313 | Orc:2    | Bought an ancient plate armour for 924 gold pieces
 23313 | Orc:2    | Bought a spiked helmet for 313 gold pieces
 23318 | Orc:2    | Identified the +0 helmet of the Armoured One {-Cast rElec rPois rF+++} (You bought it in a shop on level 2 of the Orcish Mines)
 23338 | Orc:2    | Identified the +5 plate armour of Classification {rCorr Str+3} (You bought it in a shop on level 2 of the Orcish Mines)
 23434 | Orc:2    | Found Dossoq's General Store.
 23449 | Orc:2    | Found Zuohos's Antique Weapon Shop.
 23456 | Orc:2    | Bought a broad axe for 108 gold pieces
 23712 | Lair:1   | Identified the cursed +1 ring mail "Numud" {Regen+ Str+4 SInv} (You found it on level 6 of the Lair of Beasts)
 23812 | D:12     | Reached skill level 1 in Shields
 23839 | D:12     | Reached ****** piety under Trog
 24004 | D:12     | Found a flagged portal.
 24020 | Bailey   | Entered a bailey
 24084 | Bailey   | Found an iron altar of Okawaru.
 24092 | Bailey   | Received a gift from Trog
 24439 | Bailey   | Identified the Grimoire of Shifting Venom
 24451 | Bailey   | Found the +8 storm bow {elec}
 25291 | D:13     | Received a gift from Trog
 25357 | D:13     | Reached skill level 17 in Axes
 25476 | D:13     | Noticed Josephine
 25486 | D:13     | Killed Josephine
 25661 | D:13     | Found a stormy altar of Qazlal.
 26175 | D:14     | Gained mutation: Armour fits poorly on your strangely shaped body. [mutagenic meat]
 26180 | D:14     | Lost mutation: You are weak. (Str -2) [mutagenic meat]
 26202 | D:14     | Found Faockimo's Gadget Emporium.
 26306 | D:14     | Reached skill level 5 in Shields
 26431 | D:14     | Found a gate to the Vaults.
 26587 | D:14     | Reached XP level 16. HP: 95/95 MP: 15/15
 26600 | D:14     | Noticed Kirke
 26615 | D:14     | Killed Kirke
 26632 | D:14     | Received a gift from Trog
 26733 | D:15     | Entered Level 15 of the Dungeon
 27092 | D:15     | Noticed Louise
 27109 | D:15     | Killed Louise
 27428 | D:15     | Found a staircase to the Depths.
 27653 | Snake:1  | Entered Level 1 of the Snake Pit
 27793 | Snake:1  | Found Hudwet's Gadget Shoppe.
 27809 | Snake:1  | Received a gift from Trog
 27896 | Snake:1  | Found Kiom's General Store.
 27924 | Snake:1  | Bought a scroll of enchant weapon for 82 gold pieces
 28276 | Snake:2  | Noticed Saint Roka
 28545 | Snake:2  | Killed Saint Roka
 29184 | Snake:2  | Reached skill level 5 in Dodging
 29194 | Snake:2  | Gained mutation: You are weak. (Str -2) [mutagenic meat]
 29196 | Snake:2  | Gained mutation: You evolve. [mutagenic meat]
 29197 | Snake:2  | Gained mutation: You are mostly covered in iridescent scales. (AC +4) [mutagenic meat]
 29198 | Snake:2  | Lost mutation: Armour fits poorly on your strangely shaped body. [mutagenic meat]
 29219 | Snake:2  | Reached XP level 17. HP: 60/100 MP: 16/16
 29512 | Snake:2  | Reached skill level 18 in Axes
 29527 | Snake:2  | Received a gift from Trog
 29527 | Snake:2  | Reached skill level 15 in Fighting
 29874 | Snake:2  | Gained mutation: You are agile. (Dex +2) [evolution]
 30508 | Snake:3  | Reached skill level 15 in Armour
 30638 | Snake:3  | Noticed Vashnia
 30674 | Snake:3  | Killed Vashnia
 30674 | Snake:3  | Reached skill level 10 in Shields
 30851 | Snake:3  | Received a gift from Trog
 31033 | Snake:3  | Noticed Aizul
 31046 | Snake:3  | Killed Aizul
 31063 | Snake:3  | Gained mutation: You tend to lose your temper in combat. [mutagenic meat]
 31477 | Snake:4  | Entered Level 4 of the Snake Pit
 31479 | Snake:4  | Found Adwebivi's Magic Scroll Emporium.
 31496 | Snake:4  | Bought a scroll of identify for 40 gold pieces
 31496 | Snake:4  | Bought a scroll of identify for 40 gold pieces
 31496 | Snake:4  | Bought a scroll of identify for 40 gold pieces
 31496 | Snake:4  | Bought a scroll of identify for 40 gold pieces
 31496 | Snake:4  | Bought a scroll of identify for 40 gold pieces
 31496 | Snake:4  | Bought a scroll of identify for 40 gold pieces
 31505 | Snake:4  | Noticed Asterion
 31511 | Snake:4  | Killed Asterion
 31639 | Snake:4  | Found Caneluoss's Antique Armour Boutique.
 31779 | Snake:4  | Reached XP level 18. HP: 107/107 MP: 17/17
 32094 | Snake:4  | Received a gift from Trog
 32259 | Snake:4  | Received a gift from Trog
 32320 | Snake:4  | Gained mutation: You have a pair of small horns on your head. [mutagenic meat]
 32421 | Snake:4  | Got a serpentine rune of Zot
 32829 | Swamp:1  | Entered Level 1 of the Swamp
 33200 | Swamp:1  | Received a gift from Trog
 33383 | Swamp:1  | Reached skill level 19 in Axes
 34112 | Swamp:3  | Noticed PhazeDK's ghost (adept MiBe)
 34143 | Swamp:3  | Killed PhazeDK's ghost
 34302 | Swamp:3  | Noticed Jorgrun
 34307 | Swamp:3  | Noticed Nikola
 34315 | Swamp:3  | Killed Jorgrun
 34315 | Swamp:3  | Reached XP level 19. HP: 112/112 MP: 18/18
 34321 | Swamp:3  | Killed Nikola
 34742 | Swamp:4  | Entered Level 4 of the Swamp
 35061 | Swamp:4  | Received a gift from Trog
 35524 | Swamp:4  | Got a decaying rune of Zot
 36071 | Elf:1    | Entered Level 1 of the Elven Halls
 36225 | Elf:1    | Found a ruined gateway.
 36230 | Desolati | Entered the Desolation of Salt
 36267 | Desolati | Received a gift from Trog
 36270 | Desolati | Got an ichor-stained broad axe {god gift}
 36271 | Desolati | Identified the +5 broad axe of Gallantry {speed, rPois rC+ Dex+4} (Trog gifted it to you in the Desolation of Salt)
 36683 | Desolati | Got a scorched buckler
 36712 | Desolati | Received a gift from Trog
 36756 | Desolati | Reached XP level 20. HP: 84/118 MP: 19/19
 36808 | Desolati | Found the +12 glaive of Prune {chop}
 36810 | Desolati | Found the +9 sword of Zonguldrok {reap}
 36822 | Desolati | Got a fine copper ring
 37175 | Elf:1    | Reached skill level 20 in Axes
 37236 | Elf:1    | Noticed Donald
 37251 | Elf:1    | Killed Donald
 37346 | Elf:1    | Identified the ring of Sunlight {Ice rN+ MR+ Dex-3} (You found it in the Desolation of Salt)
 37986 | Elf:1    | Gained mutation: You are resistant to hostile enchantments. (MR+) [evolution]
 37997 | Elf:1    | Received a gift from Trog
 38650 | Elf:2    | Found a runed gate.
 38650 | Elf:2    | Found a runed gate.
 38651 | Elf:2    | Found a runed gate.
 38722 | Elf:2    | Found Igeudetewn's General Store.
 38764 | Elf:2    | Bought a potion of mutation for 104 gold pieces
 38764 | Elf:2    | Lost mutation: You are resistant to hostile enchantments. (MR+) [potion of mutation]
 38764 | Elf:2    | Lost mutation: You are weak. (Str -2) [potion of mutation]
 38764 | Elf:2    | Lost mutation: You tend to lose your temper in combat. [potion of mutation]
 38764 | Elf:2    | Gained mutation: You are very agile. (Dex +4) [potion of mutation]
 38912 | Elf:2    | Identified the +5 buckler "Dyoxog" {rF+ rN+ Dex+3} (You found it in the Desolation of Salt)
 39389 | Elf:2    | Received a gift from Trog
 39498 | Elf:3    | Entered Level 3 of the Elven Halls
 39736 | Elf:3    | Noticed Roxanne
 39737 | Elf:3    | Found Vaiczitzi's Armour Boutique.
 39746 | Elf:3    | Killed Roxanne
 40011 | Elf:3    | Reached XP level 21. HP: 119/126 MP: 19/19
 40031 | Elf:3    | Reached skill level 15 in Shields
 40070 | Elf:3    | Received a gift from Trog
 40600 | Elf:3    | Got a sparkling tin ring
 40642 | Elf:3    | Noticed Mara
 40653 | Elf:3    | Noticed zero's illusion
 40692 | Elf:3    | Killed Mara
 40734 | Elf:3    | Upgraded the game from 0.21-a0-434-g806c6c2 to 0.21-a0-437-ge5bf024
 40735 | Elf:3    | Identified the ring "Saosk" {Fire rElec rPois rN+++ Str-3} (You took it off a deep elf high priest on level 3 of the Elven Halls)
 41175 | Elf:3    | Reached skill level 21 in Axes
 41200 | Elf:3    | Received a gift from Trog
 41708 | Elf:3    | Lost mutation: Your magical capacity is very low. (-20% MP) [evolution]
 41964 | Depths:1 | Entered Level 1 of the Depths
 42474 | Depths:1 | Found a gateway to Hell.
 42529 | Depths:1 | Received a gift from Trog
 43395 | Depths:2 | Reached XP level 22. HP: 132/132 MP: 23/23
 43435 | Depths:2 | Lost mutation: You have large cloven feet. [mutagenic meat]
 43436 | Depths:2 | Gained mutation: You tend to lose your temper in combat. [mutagenic meat]
 43437 | Depths:2 | Lost mutation: You have a pair of small horns on your head. [mutagenic meat]
 43438 | Depths:2 | Lost mutation: You passively map a small area around you. [mutagenic meat]
 43439 | Depths:2 | Gained mutation: Your natural rate of healing is unusually fast. [mutagenic meat]
 43441 | Depths:2 | Lost mutation: You are very agile. (Dex +4) [mutagenic meat]
 43815 | Depths:2 | Received a gift from Trog
 43847 | Depths:2 | Found a gateway to a ziggurat.
 43893 | Depths:2 | Noticed the Enchantress
 44008 | Depths:2 | Killed the Enchantress
 44641 | Depths:2 | Found a radiant altar of Vehumet.
 44641 | Depths:2 | Noticed Frederick
 44655 | Depths:2 | Killed Frederick
 44665 | Depths:2 | Received a gift from Trog
 44958 | Depths:3 | Reached skill level 22 in Axes
 45276 | Depths:3 | Noticed Mennas
 45304 | Depths:3 | Killed Mennas
 45323 | Depths:3 | Found a shadowy altar of Dithmenos.
 45494 | Depths:3 | Reached XP level 23. HP: 137/137 MP: 24/24
 45689 | Depths:3 | Received a gift from Trog
 45782 | Depths:3 | Found a basalt altar of Yredelemnul.
 45788 | Depths:3 | Noticed a golden dragon
 45800 | Depths:3 | Killed a golden dragon
 45882 | Depths:3 | Found a burning altar of Makhleb.
 45952 | Depths:3 | Noticed a golden dragon
 45960 | Depths:3 | Noticed a golden dragon
 45969 | Depths:3 | Killed a golden dragon
 45980 | Depths:3 | Killed a golden dragon
 46325 | Depths:3 | Found an opulent altar of Gozag.
 46326 | Depths:3 | Found a one-way gate leading to the halls of Pandemonium.
 46530 | Depths:4 | Found a one-way gate to the infinite horrors of the Abyss.
 46781 | Depths:4 | Noticed Margery
 46802 | Depths:4 | Killed Margery
 47183 | Depths:5 | Entered Level 5 of the Depths
 47223 | Depths:5 | Received a gift from Trog
 47308 | Depths:5 | Noticed a golden dragon
 47315 | Depths:5 | Killed a golden dragon
 47315 | Depths:5 | Reached XP level 24. HP: 144/144 MP: 24/24
 47322 | Depths:5 | Reached skill level 23 in Axes
 47421 | Depths:5 | Received a gift from Trog
 47552 | Depths:5 | Gained mutation: Your spells are a little harder to cast, but a little more powerful. [mutagenic meat]
 47554 | Depths:5 | Gained mutation: You occasionally shout uncontrollably at your foes. [mutagenic meat]
 47561 | Depths:5 | Lost mutation: You are frail. (-10% HP) [mutagenic meat]
 47771 | Depths:5 | Found a gate to the Realm of Zot.
 48581 | Slime:1  | Entered Level 1 of the Pits of Slime
 48604 | Slime:2  | Noticed Dissolution
 48615 | Slime:2  | Killed Dissolution
 48791 | Slime:3  | Received a gift from Trog
 48795 | Slime:3  | Got an ancient broad axe {god gift}
 48797 | Slime:3  | Identified the +3 broad axe "Ledwuvve" {venom, rElec MR+ Dex+5} (Trog gifted it to you on level 3 of the Pits of Slime)
 48906 | Slime:4  | Gained mutation: You are dopey. (Int -2) [a shining eye]
 48968 | Slime:5  | Entered Level 5 of the Pits of Slime
 49212 | Slime:5  | Noticed the Royal Jelly
 49237 | Slime:5  | Killed the Royal Jelly
 49237 | Slime:5  | Reached XP level 25. HP: 169/169 MP: 16/24
 49329 | Slime:5  | Gained mutation: You are resistant to hostile enchantments. (MR+) [evolution]
 49417 | Slime:5  | Found the +5 scythe "Finisher" {speed, Str+3}
 49480 | Slime:5  | Got a scintillating lead ring
 49556 | Slime:5  | Got a slimy rune of Zot
 49604 | Slime:5  | Gained mutation: You are very dopey. (Int -4) [a shining eye]
 49606 | Slime:5  | Gained mutation: Your body sometimes deteriorates upon taking damage. [a shining eye]
 49914 | Slime:5  | Identified the ring "Utozeavi" {*Tele +Inv Int+2} (You found it on level 5 of the Pits of Slime)
 50212 | Vaults:1 | Entered Level 1 of the Vaults
 50431 | Vaults:1 | Received a gift from Trog
 50529 | Vaults:1 | Reached skill level 24 in Axes
 51152 | Vaults:1 | Received a gift from Trog
 51348 | Vaults:1 | Found a flickering gateway to a bazaar.
 51356 | Bazaar   | Entered a bazaar
 51357 | Bazaar   | Found Vivoodoo's Gadget Shop.
 51364 | Bazaar   | Found Kepheap's Antique Armour Emporium.
 51369 | Bazaar   | Found Fawuot's Weapon Shoppe.
 51404 | Bazaar   | Found Veikluzei's Book Boutique.
 53563 | Vaults:2 | Found Fuwese's Weapon Emporium.
 53692 | Vaults:2 | Received a gift from Trog
 53739 | Vaults:2 | Got an ichor-stained broad axe {god gift}
 53740 | Vaults:2 | Identified the +3 broad axe "Topot" {flame, *Rage rElec Dex+10 SInv} (Trog gifted it to you on level 2 of the Vaults)
 54017 | Vaults:3 | Reached XP level 26. HP: 177/177 MP: 24/24
 54848 | Vaults:3 | Found a staircase to the Crypt.
 54848 | Vaults:3 | Found a basalt altar of Yredelemnul.
 54849 | Vaults:3 | Found an ancient bone altar of Kikubaaqudgha.
 55033 | Vaults:3 | Received a gift from Trog
 55926 | Vaults:4 | Found Veit's Book Shop.
 56294 | Vaults:4 | Gained mutation: You are robust. (+10% HP) [evolution]
 56402 | Vaults:4 | Received a gift from Trog
 56402 | Vaults:4 | Reached skill level 25 in Axes
 56497 | Vaults:4 | Found Metappoc's Distillery.
 56503 | Vaults:4 | Bought a potion of heal wounds for 65 gold pieces
 56503 | Vaults:4 | Bought a potion of heal wounds for 65 gold pieces
 56552 | Vaults:4 | Found Ablox's Assorted Antiques.
 56560 | Vaults:4 | Bought a thick amethyst amulet for 225 gold pieces
 56560 | Vaults:4 | Bought a scroll of blinking for 337 gold pieces
 56560 | Vaults:4 | Bought a scroll of identify for 90 gold pieces
 56627 | Vaults:5 | Entered Level 5 of the Vaults
 56704 | Vaults:5 | Received a gift from Trog
 56718 | Vaults:5 | Reached XP level 27. HP: 202/202 MP: 24/24
 57395 | Vaults:5 | Identified a +1 pair of boots of running (You found it on level 5 of the Vaults)
 57399 | Vaults:5 | Received a gift from Trog
 57628 | Vaults:5 | Noticed an ancient lich
 57638 | Vaults:5 | Killed an ancient lich
 57992 | Vaults:5 | Got a silver rune of Zot
 58239 | Crypt:1  | Entered Level 1 of the Crypt
 59242 | Crypt:2  | Received a gift from Trog
 59312 | Crypt:2  | Found a basalt altar of Yredelemnul.
 59630 | Crypt:2  | Found an ancient bone altar of Kikubaaqudgha.
 59895 | Crypt:3  | Entered Level 3 of the Crypt
 59963 | Crypt:3  | Reached skill level 26 in Axes
 60281 | Crypt:3  | Found a staircase to the Tomb.
 60835 | Crypt:3  | Received a gift from Trog
 61057 | Crypt:3  | Found an ancient bone altar of Kikubaaqudgha.
 61097 | Crypt:3  | Noticed an ancient lich
 61105 | Crypt:3  | Killed an ancient lich
 61524 | Tomb:1   | Entered Level 1 of the Tomb of the Ancients
 61663 | Tomb:1   | Received a gift from Trog
 61687 | Tomb:1   | Noticed a greater mummy
 61688 | Tomb:1   | Noticed Khufu
 61705 | Tomb:1   | Noticed a greater mummy
 61714 | Tomb:1   | Killed Khufu
 61714 | Tomb:1   | Received a gift from Trog
 61716 | Tomb:1   | Killed a greater mummy
 61735 | Tomb:1   | Killed a greater mummy
 62694 | Tomb:1   | Identified the Guide on Ensnaring Ignition
 63224 | Lair:1   | Lost mutation: Your magical capacity is low. (-10% MP) [potion of mutation]
 63224 | Lair:1   | Lost mutation: Your body sometimes deteriorates upon taking damage. [potion of mutation]
 63224 | Lair:1   | Lost mutation: You are very dopey. (Int -4) [potion of mutation]
 63224 | Lair:1   | Gained mutation: You have a pair of small horns on your head. [potion of mutation]
 63225 | Lair:1   | Lost mutation: You occasionally shout uncontrollably at your foes. [potion of mutation]
 63225 | Lair:1   | Lost mutation: You are partially covered in slimy green scales. (AC +2) [potion of mutation]
 63225 | Lair:1   | Lost mutation: You are agile. (Dex +2) [potion of mutation]
 63225 | Lair:1   | Lost mutation: You tend to lose your temper in combat. [potion of mutation]
 63225 | Lair:1   | Gained mutation: You rapidly evolve. [potion of mutation]
 63226 | Lair:1   | Lost mutation: Your spells are a little harder to cast, but a little more powerful. [potion of mutation]
 63226 | Lair:1   | Lost mutation: You are dopey. (Int -2) [potion of mutation]
 63226 | Lair:1   | Gained mutation: Your magical capacity is low. (-10% MP) [potion of mutation]
 63226 | Lair:1   | Lost mutation: You have a pair of small horns on your head. [potion of mutation]
 63226 | Lair:1   | Gained mutation: You are partially covered in icy blue scales. (AC +2) [potion of mutation]
 63358 | Zig:1    | Entered Level 1 of a ziggurat
 63391 | Zig:2    | Entered Level 2 of a ziggurat
 63419 | Zig:3    | Entered Level 3 of a ziggurat
 63467 | Zig:4    | Entered Level 4 of a ziggurat
 63497 | Zig:4    | Received a gift from Trog
 63504 | Zig:4    | Lost mutation: You are robust. (+10% HP) [potion of mutation]
 63504 | Zig:4    | Lost mutation: You are resistant to hostile enchantments. (MR+) [potion of mutation]
 63504 | Zig:4    | Lost mutation: You rapidly evolve. [potion of mutation]
 63504 | Zig:4    | Lost mutation: Your natural rate of healing is unusually fast. [potion of mutation]
 63504 | Zig:4    | Lost mutation: You evolve. [potion of mutation]
 63504 | Zig:4    | Gained mutation: You have large cloven feet. [potion of mutation]
 63521 | Zig:4    | Got a faintly glowing plate armour
 63530 | Zig:4    | Identified the +1 plate armour of Slovenliness {-Cast rPois rC++ MR+} (You found it on level 4 of a ziggurat)
 63547 | Zig:5    | Entered Level 5 of a ziggurat
 63550 | Zig:5    | Noticed Dif Xoul the pandemonium lord
 63577 | Zig:5    | Paralysed by a floating eye for 3 turns
 63583 | Zig:5    | Killed Dif Xoul the pandemonium lord
 63642 | Zig:6    | Entered Level 6 of a ziggurat
 63705 | Zig:6    | Got an ivory battleaxe
 63717 | Zig:6    | Got a faintly glowing helmet
 63793 | Zig:6    | Identified the +2 battleaxe "Impslayer" {protect, rF+} (You found it on level 6 of a ziggurat)
 63805 | Zig:6    | Identified the +2 helmet of Gehenna {MR+} (You found it on level 6 of a ziggurat)
 63822 | Zig:7    | Entered Level 7 of a ziggurat
 63943 | Zig:8    | Entered Level 8 of a ziggurat
 64002 | Zig:8    | Got a warped plate armour
 64013 | Zig:8    | Identified the +9 plate armour of Conscience {rF+ Int+3} (You found it on level 8 of a ziggurat)
 64075 | Zig:9    | Entered Level 9 of a ziggurat
 64090 | Zig:9    | Reached skill level 27 in Axes
 64111 | Zig:9    | Received a gift from Trog
 64113 | Zig:9    | Found the +8 frozen axe "Frostbite" {freezing cloud, *Noise +Fly rC+}
 64151 | Zig:9    | Got a wavering graven amulet
 64174 | Zig:9    | Identified the amulet of Xeussyvi {Regen+ Dex+2} (You found it on level 9 of a ziggurat)
 64181 | Zig:10   | Entered Level 10 of a ziggurat
 64297 | Zig:11   | Entered Level 11 of a ziggurat
 64417 | Zig:11   | Got a brightly glowing fustibalus
 64420 | Zig:12   | Entered Level 12 of a ziggurat
 64519 | Zig:12   | Received a gift from Trog
 64828 | Zig:13   | Entered Level 13 of a ziggurat
 64867 | Zig:13   | Gained mutation: Your magical capacity is very low. (-20% MP) [a neqoxec]
 64918 | Zig:13   | Received a gift from Trog
 65082 | Zig:13   | Got a translucent brass amulet
 65083 | Zig:13   | Identified the amulet "Jeiruf" {Spirit rElec Int+4} (You found it on level 13 of a ziggurat)
 65213 | Zig:14   | Entered Level 14 of a ziggurat
 65775 | Zig:14   | Got a bound steel amulet
 65776 | Zig:14   | Identified the amulet "Nozity" {Harm *Contam *Drain rC++} (You found it on level 14 of a ziggurat)
 65781 | Zig:14   | Got a steaming marble ring
 65783 | Zig:14   | Identified the ring of Happiness {rPois rN+ MP+9 Dex-3 Stlth+} (You found it on level 14 of a ziggurat)
 65843 | Zig:15   | Entered Level 15 of a ziggurat
 65857 | Zig:15   | Noticed a juggernaut
 65863 | Zig:15   | Noticed a juggernaut
 65865 | Zig:15   | Noticed a juggernaut
 65865 | Zig:15   | Noticed a juggernaut
 65873 | Zig:15   | Killed a juggernaut
 65888 | Zig:15   | Gained mutation: You are dopey. (Int -2) [a neqoxec]
 65890 | Zig:15   | Killed a juggernaut
 65892 | Zig:15   | Gained mutation: You occasionally shout uncontrollably at your foes. [a neqoxec]
 65909 | Zig:15   | Demolished by a juggernaut

Vault maps used:
D:1:      giann_horns, dk_noncrumbling_4, nrook_mini_backslash,
          minmay_hexomino_c4
D:2:      minitemple, minivault_24
D:4:      minmay_temple_entry_statues_pillars
D:5:      wad_crossroads, first_bread, basic_altar, uniq_menkaure
D:6:      feat_on_display, uniq_duvessa, uniq_blork_the_orc
D:7:      abandoned_shop, grunt_ogre_cave, roderic_batcave,
          minmay_misc_feat_rows, hangedman_decor_lopped, uniq_pikel
D:8:      lemuel_statue_altar
D:9:      old_standard_altar, orc_0_dummy
D:11:     dpeg_lair_monsters, serial_glass, glass_columns_b, glass_columns_b,
          minmay_statues_item, trog_wizard, uniq_maurice
D:12:     enter_bailey_7, kennysheep_boxes
D:13:     basic_altar, grunt_decor_mini_mirrors, uniq_josephine
D:14:     hangedman_vaults_entry_quadrant_bands, serial_shops,
          nicolae_shop_statue_plus, small_statue_alley_a, uniq_kirke
D:15:     grunt_enter_depths_hoard, uniq_louise
Lair:1:   nicolae_quartered_pool_super, uniq_sonja
Lair:2:   minmay_snake_entry_guardpost_medium, kennysheep_rathole,
          grunt_megastairs_1
Lair:3:   infiniplex_staircase_pool
Lair:4:   swamp_mist_pool, special_room, enter_volcano_2,
          nicolae_lair_yak_garden
Lair:5:   nicolae_slime_entry_slimehenge, portal_ice_cave_entry_pillars_1,
          basic_altar, eino_small_chamber_without_monster,
          hangedman_lair_unloving_vines, uniq_nessos
Lair:6:   hangedman_lair_tendril_chambers, grunt_megastairs_4,
          lemuel_fruit_fields
Swamp:1:  nicolae_swamp_dense_foliage, swamp_pool5
Swamp:2:  nicolae_swamp_round_clearing
Swamp:3:  evilmike_swamp_ruin_house_3, uniq_nikola, uniq_jorgrun
Swamp:4:  swamp_basic_johnstein
Snake:1:  serial_bayou_crossing, minmay_shoptagon
Snake:2:  kennysheep_snake, uniq_saint_roka
Snake:3:  cheibrodos_snake_lava_hold, spider_trap, basic_stair_grate_trap,
          uniq_vashnia, uniq_aizul
Snake:4:  grunt_snake_rune_serpentine_throne, special_room, serial_shops, shop,
          nicolae_shop_waterfront, statue_in_the_mist_lemuel, uniq_asterion
Slime:2:  dissolution_awaits
Slime:3:  cheibrodos_slime_lost_civilization_4
Orc:1:    cheibrodos_orc_bank, basic_altar, mines5_lemuel
Orc:2:    grunt_orc_cross, serial_shops, shop_statue, nicolae_orc_damp_corner
Elf:1:    elf_arrival_002, portal_desolation_entry_ruin, evilmike_minifort,
          uniq_donald
Elf:2:    serial_shops, shop
Elf:3:    grunt_elf_hall_diamonds, serial_shops, shop, nicolae_elf_v_pinch,
          st_stairs_10, uniq_mara, uniq_roxanne
Vaults:1: v_misc_14, st_star, grunt_vaults_hallway_short,
          hangedman_vaults_slither, grunt_vaults_diagonal,
          hangedman_vaults_impose, vaults_room_ringed_pool,
          ontoclasm_vaults_eye, dpeg_vaults_monster_box,
          ontoclasm_vaults_hangar, vaults_room_grid, grunt_vaults_bifocal,
          nicolae_vaults_shelves_hall, nicolae_vaults_circle_grid_a,
          serial_shops, bzr_entry_gold
Vaults:2: vaults_room_grid, vaults_dpeg_ring, nicolae_vaults_little_squares_6,
          hangedman_vaults_snaps, ontoclasm_vaults_shuriken,
          vaults_room_large_hall, serial_shops, shop_fountains
Vaults:3: vaults_dpeg_diagonal, vaults_room_octagon, nicolae_vaults_big_ls,
          ontoclasm_vaults_twist, hangedman_vaults_impose,
          nicolae_vaults_big_angled_halls, vaults_room_hangedman_quadrants,
          ontoclasm_vaults_loading_screen, minmay_crypt_entry_necro_gods,
          ontoclasm_vaults_ligature, v_misc_4, ontoclasm_vaults_pinch,
          nicolae_vaults_little_squares_3
Vaults:4: dpeg_vaults_monster_row, hangedman_vaults_corner,
          ontoclasm_vaults_chip, vaults_room_octagon, vaults_room_grid,
          v_pattern_5, nicolae_vaults_windows_and_doors_thing,
          vaults_room_octagon, nicolae_vaults_three_branches,
          ontoclasm_vaults_ring_small, serial_shops, shop_fountains, shop, shop,
          uniq_frederick
Crypt:2:  st_stairs_4, hangedman_crypt_dual_shrines, basic_stair_grate_trap
Crypt:3:  quadcrypt_mu
Tomb:1:   uniq_khufu
Depths:1: pf_hell_entry_great_geh, hex_tiny, minivault_16,
          minmay_misc_feat_ornament, kennysheep_cross_room, kb_rosetta
Depths:2: evilmike_halls_of_destruction, enter_ziggurat_f, lightli_too_deep,
          serial_bayou_pond_e, serial_co_window_serial, co_window_corner_a,
          co_window_corner_a, co_window_cross_1, co_window_of_opportunity_a,
          co_window_corner_a, co_window_broadway_a, co_window_paths_c,
          co_window_2corner, co_window_of_opportunity_c, co_window_cross_2,
          glass_columns_a, glass_columns_a, glass_columns_a, glass_columns_a,
          serial_bayou_shore_b, uniq_enchantress
Depths:3: grunt_profane_halls, pan_entry, hell_entry, uniq_mennas
Depths:4: kennysheep_ogre_elephant_herders, pf_hell_entry_tar_river,
          minmay_holes, abyss_entry, infiniplex_staircase_pool_lava,
          uniq_margery
Depths:5: grunt_zot_entry_hairpin, hell_entry, minmay_misc_feat_columns
Zig:6:    ziggurat_pillar_centre_oklobs
Zig:8:    ziggurat_pillar_centre_dead_trees
Zig:14:   ziggurat_pillar_centre_drop
Bazaar:   bazaar_kb_twisted_cavern
Bailey:   bailey_axe_of_yendor_kennysheep, bailey
IceCv:    ice_cave_statue_garden_chambered
Volcano:  volcano_grotto

Skill      XL: |  1  2  3  4  5  6  7  8  9 10 11 12 13 14 15 16 17 18 19 20 21 22 23 24 25 26 27 |
---------------+----------------------------------------------------------------------------------+-----
Axes           | 3 4 5 6 7 8 10 11 13 14 15 16 17 18 19 20 21 22 23 24 25 27 | 27.0
Armour         | 3 5 6 8 9 11 12 13 14 15 16 17 18 19 20 21 24 | 24.0
Fighting       | 4 5 7 8 10 11 12 13 14 15 16 17 18 19 20 21 24 | 24.8
Evocations     | 3 5 |  5.1
Shields        | 5 8 10 12 13 14 15 16 17 18 19 20 22 | 22.7
Dodging        | 3 5 6 7 |  7.9

Action                   |  1- 3 |  4- 6 |  7- 9 | 10-12 | 13-15 | 16-18 | 19-21 | 22-24 | 25-27 || total
-------------------------+-------+-------+-------+-------+-------+-------+-------+-------+-------++-------
Melee: Hand axe          |   115 |    31 |       |       |       |       |       |       |       ||   146
       War axe           |       |    64 |   277 |   623 |   893 |       |       |       |       ||  1857
       Kick              |       |       |       |   120 |   122 |       |       |       |       ||   242
       Bite              |       |       |       |    52 |   184 |   164 |   253 |   272 |   531 ||  1456
       Broad axe         |       |       |       |       |   402 |  1113 |  1430 |  1390 |  2577 ||  6912
       Headbutt          |       |       |       |       |       |    71 |   430 |     7 |       ||   508
Invok: Berserk           |     1 |     2 |     6 |    12 |    18 |     4 |     2 |     3 |     8 ||    56
       Burn Spellbooks   |       |     1 |     1 |     3 |     1 |     2 |    11 |     1 |    18 ||    38
       Trog's Hand       |       |     1 |     2 |     7 |     9 |     4 |     6 |     3 |     7 ||    39
       Brothers in Arms  |       |       |       |     3 |     7 |       |     2 |     2 |    11 ||    25
 Abil: Fly               |       |       |       |       |     1 |       |       |       |       ||     1
Evoke: Wand              |       |       |       |     7 |       |       |       |       |     4 ||    11
       Lightning rod     |       |       |       |       |     2 |       |     1 |       |     2 ||     5
       Lamp of fire      |       |       |       |       |       |       |     1 |       |     2 ||     3
       Phial of floods   |       |       |       |       |       |       |     1 |       |     2 ||     3
       Box of beasts     |       |       |       |       |       |       |       |       |     5 ||     5
       Sack of spiders   |       |       |       |       |       |       |       |       |     5 ||     5
  Use: Scroll            |       |       |     7 |     9 |    21 |    16 |     9 |    11 |    31 ||   104
       Potion            |       |       |       |       |       |     2 |     5 |     2 |    16 ||    25
 Stab: Sleeping          |       |       |     1 |       |       |       |       |       |       ||     1
       Confused          |       |       |       |       |       |     3 |       |       |     1 ||     4
       Distracted        |       |       |       |       |       |       |       |       |     3 ||     3
       Invisible         |       |       |       |       |       |       |       |       |    12 ||    12
  Eat: Chunk             |     8 |    11 |    19 |    45 |   126 |    27 |     7 |    22 |    27 ||   292
       Fruit             |       |     1 |       |     4 |    21 |    11 |     6 |    10 |     2 ||    55
       Meat ration       |       |       |       |     1 |       |       |       |     1 |       ||     2
       Royal jelly       |       |       |       |       |     6 |     2 |     4 |     4 |    11 ||    27
       Bread ration      |       |       |       |       |       |     3 |     3 |       |     5 ||    11
Armor: Ring mail         |    70 |    44 |    84 |       |       |       |       |       |       ||   198
       Chain mail        |       |       |    84 |   594 |   211 |       |       |       |       ||   889
       Plate armour      |       |       |       |       |   570 |   511 |   642 |   634 |    59 ||  2416
       Gold dragon scale |       |       |       |       |       |       |       |   135 |  1149 ||  1284
Dodge: Dodged            |    76 |    65 |   144 |   297 |   305 |   164 |   258 |   291 |   461 ||  2061
Block: Buckler           |       |       |    14 |   154 |   162 |       |       |       |       ||   330
       Reflection        |       |       |       |     1 |    43 |   102 |    98 |    60 |   211 ||   515
       Shield            |       |       |       |       |   341 |    76 |       |       |       ||   417
       Large shield      |       |       |       |       |       |  1091 |  1390 |  1724 |  3186 ||  7391

Table legend:
 A = Spawn XP
 B = Non-spawn XP
 C = Spawn XP percentage of total XP
 D = Spawn monster count
 E = Non-spawn monster count
 F = Spawn count percentage of total count
 G = Total turns spent on level
                    A         B        C        D         E        F      G
               +---------+---------+-------+---------+---------+-------+---------
         Total |       0 | 1718874 |   0.0 |       0 |    2873 |   0.0 | 65909
               +---------+---------+-------+---------+---------+-------+---------
           D:1 |       0 |      46 |   0.0 |       0 |      29 |   0.0 |   588
           D:2 |       0 |      24 |   0.0 |       0 |      11 |   0.0 |   942
           D:3 |       0 |     153 |   0.0 |       0 |      13 |   0.0 |   586
           D:4 |       0 |     362 |   0.0 |       0 |      13 |   0.0 |  1399
           D:5 |       0 |     869 |   0.0 |       0 |      24 |   0.0 |  1092
           D:6 |       0 |    1680 |   0.0 |       0 |      27 |   0.0 |  1026
           D:7 |       0 |    1858 |   0.0 |       0 |      32 |   0.0 |  1429
           D:8 |       0 |    1327 |   0.0 |       0 |      31 |   0.0 |   963
           D:9 |       0 |    1299 |   0.0 |       0 |      15 |   0.0 |  1408
          D:10 |       0 |    1270 |   0.0 |       0 |      27 |   0.0 |  1308
          D:11 |       0 |    7273 |   0.0 |       0 |      40 |   0.0 |  1199
          D:12 |       0 |    5609 |   0.0 |       0 |      52 |   0.0 |   923
          D:13 |       0 |    7520 |   0.0 |       0 |      40 |   0.0 |   981
          D:14 |       0 |   17515 |   0.0 |       0 |      55 |   0.0 |  1021
          D:15 |       0 |   15276 |   0.0 |       0 |      50 |   0.0 |   877
        Lair:1 |       0 |    6573 |   0.0 |       0 |      24 |   0.0 |  1756
        Lair:2 |       0 |    8777 |   0.0 |       0 |      52 |   0.0 |  1773
        Lair:3 |       0 |    8879 |   0.0 |       0 |      30 |   0.0 |  1748
        Lair:4 |       0 |    5889 |   0.0 |       0 |      39 |   0.0 |  1469
        Lair:5 |       0 |    3852 |   0.0 |       0 |      15 |   0.0 |  1316
        Lair:6 |       0 |   24317 |   0.0 |       0 |      86 |   0.0 |  1822
       Swamp:1 |       0 |    7890 |   0.0 |       0 |      33 |   0.0 |   647
       Swamp:2 |       0 |   12913 |   0.0 |       0 |      29 |   0.0 |   645
       Swamp:3 |       0 |   14701 |   0.0 |       0 |      21 |   0.0 |   703
       Swamp:4 |       0 |   33343 |   0.0 |       0 |      60 |   0.0 |  1040
       Snake:1 |       0 |   11102 |   0.0 |       0 |      22 |   0.0 |   895
       Snake:2 |       0 |   44140 |   0.0 |       0 |      67 |   0.0 |  2022
       Snake:3 |       0 |   34021 |   0.0 |       0 |      55 |   0.0 |  1026
       Snake:4 |       0 |   53616 |   0.0 |       0 |      77 |   0.0 |  1263
       Slime:1 |       0 |    4462 |   0.0 |       0 |       5 |   0.0 |    85
       Slime:2 |       0 |   30631 |   0.0 |       0 |      21 |   0.0 |   126
       Slime:3 |       0 |    2060 |   0.0 |       0 |       7 |   0.0 |    88
       Slime:4 |       0 |    9210 |   0.0 |       0 |      16 |   0.0 |   136
       Slime:5 |       0 |   63050 |   0.0 |       0 |      48 |   0.0 |  1006
         Orc:1 |       0 |    5940 |   0.0 |       0 |      63 |   0.0 |   445
         Orc:2 |       0 |   10231 |   0.0 |       0 |      67 |   0.0 |  1282
         Elf:1 |       0 |   36431 |   0.0 |       0 |      61 |   0.0 |  1488
         Elf:2 |       0 |   34544 |   0.0 |       0 |      52 |   0.0 |  1127
         Elf:3 |       0 |   69318 |   0.0 |       0 |      94 |   0.0 |  2252
      Vaults:1 |       0 |   64422 |   0.0 |       0 |      94 |   0.0 |  1564
      Vaults:2 |       0 |   47203 |   0.0 |       0 |      67 |   0.0 |  1481
      Vaults:3 |       0 |   51490 |   0.0 |       0 |      76 |   0.0 |  1533
      Vaults:4 |       0 |   51496 |   0.0 |       0 |      69 |   0.0 |  1288
      Vaults:5 |       0 |  143826 |   0.0 |       0 |     101 |   0.0 |  1530
       Crypt:1 |       0 |   16441 |   0.0 |       0 |      24 |   0.0 |   713
       Crypt:2 |       0 |   28032 |   0.0 |       0 |      43 |   0.0 |   986
       Crypt:3 |       0 |   56119 |   0.0 |       0 |      81 |   0.0 |  1766
        Tomb:1 |       0 |   66616 |   0.0 |       0 |      69 |   0.0 |  1348
      Depths:1 |       0 |   39517 |   0.0 |       0 |      49 |   0.0 |  1366
      Depths:2 |       0 |   89081 |   0.0 |       0 |      97 |   0.0 |  1681
      Depths:3 |       0 |  105461 |   0.0 |       0 |     126 |   0.0 |  1514
      Depths:4 |       0 |   38663 |   0.0 |       0 |      42 |   0.0 |   925
      Depths:5 |       0 |   66833 |   0.0 |       0 |      59 |   0.0 |   980
         Zig:1 |       0 |     887 |   0.0 |       0 |       2 |   0.0 |    33
         Zig:2 |       0 |    1768 |   0.0 |       0 |       3 |   0.0 |    28
         Zig:3 |       0 |    4993 |   0.0 |       0 |       3 |   0.0 |    48
         Zig:4 |       0 |    5234 |   0.0 |       0 |       6 |   0.0 |    80
         Zig:5 |       0 |   12178 |   0.0 |       0 |       5 |   0.0 |    95
         Zig:6 |       0 |   10860 |   0.0 |       0 |      11 |   0.0 |   180
         Zig:7 |       0 |    9608 |   0.0 |       0 |       7 |   0.0 |   121
         Zig:8 |       0 |    8579 |   0.0 |       0 |      15 |   0.0 |   132
         Zig:9 |       0 |    9695 |   0.0 |       0 |      20 |   0.0 |   106
        Zig:10 |       0 |   19673 |   0.0 |       0 |      15 |   0.0 |   116
        Zig:11 |       0 |   14834 |   0.0 |       0 |      21 |   0.0 |   123
        Zig:12 |       0 |   23914 |   0.0 |       0 |      21 |   0.0 |   408
        Zig:13 |       0 |   17819 |   0.0 |       0 |      29 |   0.0 |   385
        Zig:14 |       0 |   39791 |   0.0 |       0 |      28 |   0.0 |   630
        Zig:15 |       0 |   21356 |   0.0 |       0 |      27 |   0.0 |    66
        Bailey |       0 |    4058 |   0.0 |       0 |      44 |   0.0 |   549
         IceCv |       0 |    2399 |   0.0 |       0 |      11 |   0.0 |   577
       Volcano |       0 |    4988 |   0.0 |       0 |      19 |   0.0 |   715
    Desolation |       0 |   43069 |   0.0 |       0 |      86 |   0.0 |   843
               +---------+---------+-------+---------+---------+-------+---------
